 Dungeon Crawl Stone Soup version 0.27-a0-412-g8dd771eca2 (webtiles) character file.

Game seed: 7640171211780599734

414 ReteAZ the Insei (level 6, -3/46 HPs)
             Began as a Demigod Transmuter on Feb 24, 2021.
             Killed from afar by an orc wizard (10 damage)
             ... with a puff of flame
             ... on level 4 of the Dungeon.
             The game lasted 00:05:55 (5222 turns).

ReteAZ the Insei (Demigod Transmuter)               Turns: 5222, Time: 00:05:55

Health: -3/46      AC:  5    Str: 11    XL:     6   Next: 33%
Magic:  12/13      EV: 11    Int: 15    God:
Gold:   138        SH:  0    Dex: 22    Spells: 10/11 levels left

rFire    . . .     SeeInvis .     - Unarmed
rCold    . . .     Faith    .   (no shield)
rNeg     . . .     Spirit   .   v - +0 ring mail
rPois    .         Reflect  .   (helmet currently unavailable)
rElec    .         Harm     .   (no cloak)
rCorr    .         Rampage  .   (no gloves)
Will     .....                  (boots currently unavailable)
Stlth    +.........             (no amulet)
HPRegen  0.15/turn              (no ring)
MPRegen  0.13/turn              (no ring)

@: appendages
A: horns 2, talons 2, high mp 1
a: End Transformation


You were on level 4 of the Dungeon.
You had grown temporary horns.
You had grown temporary talons.
You visited 1 branch of the dungeon, and saw 4 of its levels.

You collected 138 gold pieces.

Inventory:

Missiles
 c - 37 poisoned darts
Armour
 a - a +0 robe
 v - a +0 ring mail (worn)
Wands
 i - a wand of iceblast (12)
 s - a wand of flame (14)
Scrolls
 d - 6 scrolls of teleportation {unknown}
 f - a scroll of fog {unknown}
 h - a scroll of enchant weapon {unknown}
 l - 4 scrolls of identify {unknown}
 r - a scroll of immolation {unknown}
 t - a scroll of noise {unknown}
Potions
 b - a potion of lignification {unknown}
 e - a potion of heal wounds
 g - a potion of magic {unknown}
 j - a potion of curing {unknown}
 k - a potion of berserk rage {unknown}
 m - a potion of might {unknown}
 n - a potion of degeneration {unknown}
 o - a potion of cancellation {unknown}
 p - a potion of brilliance
 q - a potion of haste {unknown}
 u - a potion of mutation {unknown}


   Skills:
 - Level 0.8 Fighting
 - Level 1.7 Dodging
 * Level 4.8 Unarmed Combat
 - Level 3.0 Spellcasting
 * Level 4.3 Transmutations


You had 10 spell levels left.
You knew the following spells:

 Your Spells              Type           Power        Failure   Level
a - Beastly Appendage     Tmut           30%          9%          1

Your spell library contained the following spells:

 Spells                   Type           Power        Failure   Level
 Wereblood                Tmut           15%          12%         2
 Spider Form              Tmut/Pois      4%           52%         3
 Ice Form                 Ice/Tmut       8%           89%         4
 Blade Hands              Tmut           7%           92%         5


Dungeon Overview and Level Annotations

Branches:
Dungeon (4/15)
 Temple: D:4-7

Annotations:
D:3 2 transporters


Innate Abilities, Weirdness & Mutations

You have an increased reservoir of magic. (+10% MP)
You have a pair of horns on your head.
You have razor-sharp toenails.


Message History

The orc priest is moderately wounded.
You hit the orc priest. Your kick misses the orc priest.
You headbutt the orc priest!
You kill the orc priest!
You hit something. You claw something. You headbutt something.
Your horns disappear.
Your talons disappear.
You hear some strange, mumbled words.
You are confused.
You bump into the rock wall.
Something hits you but does no damage.
You're too confused to move!
Something hits you but does no damage.
Your magical contamination has completely faded away.
You bump into the rock wall.
Something hits you.
You closely miss something. Something hits you but does no damage.
You feel less confused.
You closely miss something.
You hear some strange, mumbled words.
A puff of flame appears from out of thin air!
The puff of flame hits you!
You barely miss something. Something hits you but does no damage.
You barely miss something. Something hits you.
You barely miss something. Something hits you but does no damage.
You hit something but do no damage. Something hits you but does no damage.
You barely miss something. Something hits you.
You barely miss something. Something hits you but does no damage.
Casting: Beastly Appendage (safe; 9% risk of failure)
Confirm with . or Enter, or press ? or * to list all spells.
You grow a pair of large bovine horns.
Your feet morph into talons.
You hear some strange, mumbled words.
Something tries to affect you, but you resist.
You miss something. You claw something. You miss something.
You hear some strange, mumbled words.
A magic dart appears from out of thin air!
The magic dart hits you!
* * * LOW HITPOINT WARNING * * *
You hit something but do no damage. Your kick misses something.
You hear some strange, mumbled words.
A puff of flame appears from out of thin air!
The puff of flame hits you!
You die...

#.
.......####.########
. ##.
................†...
.. ..
.......>....#######.
.##.# ####......####
.... .........# #..
###..##.###
...###.#####.......#
.........).{.....#.#
...####.####@#####.#
...............
####.###.#####.## ..
..# #.##.# ..#.#
..#.# ..#


There were no monsters in sight!

Vanquished Creatures
  A scorpion (D:4)
  2 hounds (D:4)
  2 orc priests (D:4)
  An iguana (D:4)
  2 orc wizards (D:3)
  A worker ant (D:4)
  4 adders
  3 oozes
  2 dart slugs (D:2)
  A worm (D:2)
  2 leopard geckos
  12 orcs
  8 bats
  A giant cockroach (D:4)
  5 goblins
  5 hobgoblins
  5 jackals (D:2)
  12 kobolds
  3 quokkas
  A ball python (D:2)
  3 frilled lizards
  A quokka skeleton (D:4)
  6 rats
83 creatures vanquished.

Vanquished Creatures (others)
  A plant (D:2)
1 creature vanquished.

Grand Total: 84 creatures vanquished

Notes
Turn   | Place    | Note
-------+----------+-------------------------------------------
     0 | D:1      | ReteAZ the Demigod Transmuter began the quest for the Orb.
     0 | D:1      | Reached XP level 1. HP: 15/15 MP: 5/5
   887 | D:1      | Reached XP level 2. HP: 22/22 MP: 5/7
  1451 | D:2      | Reached XP level 3. HP: 15/27 MP: 6/8
  3113 | D:3      | Reached XP level 4. HP: 4/34 MP: 10/10
  3822 | D:3      | Reached XP level 5. HP: 39/39 MP: 9/11
  3853 | D:3      | Found a transporter.
  4240 | D:3      | Found a transporter.
  5083 | D:4      | Reached XP level 6. HP: 40/46 MP: 13/13
  5222 | D:4      | Killed from afar by an orc wizard

Illustrated notes

Levels and vault maps discovered:
D:1:      dpeg_arrival_boxes_within_box, layout_rooms
D:2:      layout_loops_corners, st_stairs_13, small_statue_intersection,
          serial_bayou_lagoon_b
D:3:      gammafunk_wand_slinger, layout_rooms
D:4:      layout_basic

Skill      XL: |  1  2  3  4  5  6 |
---------------+-------------------+-----
Transmutations | 2 3 4 |  4.3
Unarmed Combat | 3 4 |  4.8
Spellcasting   | 2 3 |  3.0
Fighting       | |  0.8
Dodging        | |  1.7

Action                   |  1- 3 |  4- 6 || total
-------------------------+-------+-------++-------
Melee: Unarmed           |   134 |   149 ||   283
       Headbutt          |    16 |    21 ||    37
       Kick              |    22 |    39 ||    61
       Punch             |     1 |     6 ||     7
Throw: Dart              |     3 |     2 ||     5
 Cast: Beastly Appendage |    30 |    26 ||    56
  Use: Potion            |       |     5 ||     5
Armor: Robe              |    26 |    17 ||    43
       Ring mail         |       |    15 ||    15
Dodge: Dodged            |    85 |    75 ||   160

Table legend: (Time is in decaauts)
 A = Elapsed time spent in this place.
 B = Non-inter-level travel time spent in this place.
 C = Inter-level travel time spent in this place.
 D = Time resting spent in this place.
 E = Time spent auto-exploring this place.
 F = Levels seen in this place.
 G = Mean time per level.
                   A        B        C        D        E       F      G
               +--------+--------+--------+--------+--------+-----+--------+
         Total |   5237 |   5032 |    205 |   1071 |   3201 |   4 | 1309.2 |
       Dungeon |   5237 |   5032 |    205 |   1071 |   3201 |   4 | 1309.2 |
               +--------+--------+--------+--------+--------+-----+--------+

Top non-repeatable levels by time:
     D:2: 2146 daAuts
     D:1: 1119 daAuts
     D:3: 1107 daAuts
     D:4: 864 daAuts
